[Event "Turkish Super League 2019"]
[Site "Konya"]
[Date "2019.07.17"]
[Round "1"]
[White "Romanov, Evgeny"]
[Black "Can, Emre"]
[Result "1/2-1/2"]
[ECO "B47"]
[WhiteElo "2582"]
[BlackElo "2595"]
[Annotator "ChessBase"]
[PlyCount "131"]
[EventDate "2019.07.17"]
[EventType "team-tourn"]
[EventCountry "TUR"]
[SourceTitle "playchess.com"]
[Source "ChessBase"]
[SourceQuality "1"]
[TimeControl "40/5400+30:1800+30"]

1. e4 c5 2. Nf3 e6 3. d4 cxd4 4. Nxd4 Nc6 5. Nc3 Qc7 6. g3 a6 7. Bg2 Nf6 8. O-O Bc5 9. Nxc6 dxc6 10. Na4 Ba7 11. c4 e5 12. c5 Be6 13. Qc2 h5 14. f4 h4 15. f5 Bd7 16. b4 hxg3 17. hxg3 a5 18. Rb1 axb4 19. Rxb4 Rd8 20. Bf3 Bc8 21. Be3 Qe7 22. Kg2 Kf8 23. Rbb1 g6 24. Rh1 Kg7 25. g4 gxf5 26. gxf5 Rdg8 27. Nb6 Bxf5 28. exf5 e4 29. Bd4 Bxb6 30. cxb6 Qd6 31. Qc5 Qxc5 32. Bxc5 Rxh1 33. Rxh1 Nd7 34. Bd4+ Kf8+ 35. Kf2 exf3 36. f6 c5 37. Be3 Ke8 38. Kxf3 Nxf6 39. Bxc5 Kd7 40. Bd4 Rg6 41. a4 Nd5 42. a5 Nb4 43. Bc3 Nd5 44. Bd4 Nb4 45. Rh7 Ke6 46. Bc3 Na6 47. Rh8 Kd5 48. Rf8 Rc6 49. Bd2 Rf6+ 50. Ke2 Re6+ 51. Kf3 Re7 52. Bg5 Rd7 53. Rc8 Rd6 54. Bf4 Rc6 55. Rd8+ Ke6 56. Ra8 Rc3+ 57. Ke2 Kd7 58. Rxa6 bxa6 59. b7 Rb3 60. b8=Q Rxb8 61. Bxb8 f5 62. Kd3 f4 63. Bxf4 Kc6 64. Kc4 Kb7 65. Kc5 Ka8 66. Kb6 1/2-1/2

[Event "Turkish Super League 2019"]
[Site "Konya"]
[Date "2019.07.17"]
[Round "1"]
[White "Rasulov, Vugar"]
[Black "Annaberdiev, Meilis"]
[Result "1-0"]
[ECO "E46"]
[WhiteElo "2534"]
[BlackElo "2515"]
[Annotator "ChessBase"]
[PlyCount "113"]
[EventDate "2019.07.17"]
[EventType "team-tourn"]
[EventCountry "TUR"]
[SourceTitle "playchess.com"]
[Source "ChessBase"]
[SourceQuality "1"]
[TimeControl "40/5400+30:1800+30"]

1. d4 Nf6 2. c4 e6 3. Nc3 Bb4 4. e3 O-O 5. Nge2 c6 6. a3 Ba5 7. c5 d5 8. cxd6 Qxd6 9. b4 Bc7 10. g3 e5 11. Bg2 Re8 12. O-O e4 13. Nf4 Qe7 14. Ra2 Bg4 15. f3 exf3 16. Bxf3 Bxf3 17. Qxf3 Nbd7 18. Rc2 Bxf4 19. Qxf4 Nf8 20. Qf3 Qd7 21. Qf5 Re7 22. Qxd7 Rxd7 23. a4 Re8 24. Rf5 a6 25. b5 cxb5 26. axb5 Rc7 27. bxa6 bxa6 28. Rc5 Ne6 29. Rxc7 Nxc7 30. Kg2 h5 31. Ra2 Re6 32. Kf3 Rc6 33. Bd2 g6 34. e4 Rc4 35. Ra4 Rxa4 36. Nxa4 Nd7 37. Bf4 Ne6 38. d5 Nxf4 39. gxf4 f6 40. Ke3 Kf7 41. Kd4 g5 42. fxg5 Ne5 43. gxf6 Kxf6 44. h3 h4 45. Nc5 Nf3+ 46. Ke3 Ng5 47. d6 a5 48. Kd4 a4 49. e5+ Kf7 50. Kc4 a3 51. Kb3 Nf3 52. e6+ Kf6 53. e7 Nd4+ 54. Ka2 Kf7 55. Ne4 Nf5 56. Kxa3 Nxe7 57. Ng5+ 1-0

[Event "Turkish Super League 2019"]
[Site "Konya"]
[Date "2019.07.17"]
[Round "1"]
[White "Moiseenko, Vadim"]
[Black "Benidze, Davit"]
[Result "1-0"]
[ECO "E90"]
[WhiteElo "2523"]
[BlackElo "2469"]
[Annotator "ChessBase"]
[PlyCount "67"]
[EventDate "2019.07.17"]
[EventType "team-tourn"]
[EventCountry "TUR"]
[SourceTitle "playchess.com"]
[Source "ChessBase"]
[SourceQuality "1"]
[TimeControl "40/5400+30:1800+30"]

1. c4 Nf6 2. Nc3 g6 3. d4 Bg7 4. e4 d6 5. h3 O-O 6. Be3 c5 7. Nge2 cxd4 8. Nxd4 b6 9. g4 Bb7 10. Bg2 Nc6 11. Nde2 e6 12. O-O Qe7 13. Qd2 Rfd8 14. Bg5 Rd7 15. Qf4 Rc8 16. Rad1 Ba8 17. b3 a6 18. Na4 Rb8 19. Qe3 Rdb7 20. e5 Nxe5 21. f4 Ned7 22. Bxb7 Rxb7 23. f5 Rb8 24. Bf4 e5 25. Nac3 Nc5 26. Bg5 b5 27. fxg6 hxg6 28. Nf4 bxc4 29. Nfd5 Nxd5 30. Nxd5 Qe6 31. Nf6+ Kf8 32. Bh6 cxb3 33. Nh7+ Kg8 34. Bxg7 1-0

[Event "Turkish Super League 2019"]
[Site "Konya"]
[Date "2019.07.17"]
[Round "1"]
[White "Asadli, Vugar"]
[Black "Lobanov, Sergei"]
[Result "1-0"]
[ECO "B19"]
[WhiteElo "2502"]
[BlackElo "2505"]
[Annotator "ChessBase"]
[PlyCount "73"]
[EventDate "2019.07.17"]
[EventType "team-tourn"]
[EventCountry "TUR"]
[SourceTitle "playchess.com"]
[Source "ChessBase"]
[SourceQuality "1"]
[TimeControl "40/5400+30:1800+30"]

1. e4 c6 2. d4 d5 3. Nc3 dxe4 4. Nxe4 Bf5 5. Ng3 Bg6 6. h4 h6 7. Nf3 Nd7 8. h5 Bh7 9. Bd3 Bxd3 10. Qxd3 e6 11. Bd2 Ngf6 12. O-O-O Be7 13. Ne4 O-O 14. Kb1 c5 15. Nxf6+ Nxf6 16. g4 Nxg4 17. Qe2 cxd4 18. Rhg1 d3 19. cxd3 f5 20. Qxe6+ Kh8 21. d4 Rf6 22. Qe2 Ra6 23. Bc3 Bf6 24. Ne5 Qd5 25. b3 Rc8 26. Bb2 Bg5 27. f4 Bf6 28. Qd3 Rd8 29. Rde1 Nxe5 30. fxe5 Qa5 31. exf6 Qxa2+ 32. Kc1 Rc8+ 33. Kd1 Rxf6 34. Rg2 f4 35. Re7 Rg8 36. d5 f3 37. Rgxg7 1-0

[Event "Turkish Super League 2019"]
[Site "Konya"]
[Date "2019.07.17"]
[Round "1"]
[White "Quparadze, Giga"]
[Black "Haznedaroglu, Kivanc"]
[Result "1/2-1/2"]
[ECO "C42"]
[WhiteElo "2499"]
[BlackElo "2448"]
[Annotator "ChessBase"]
[PlyCount "150"]
[EventDate "2019.07.17"]
[EventType "team-tourn"]
[EventCountry "TUR"]
[SourceTitle "playchess.com"]
[Source "ChessBase"]
[SourceQuality "1"]
[TimeControl "40/5400+30:1800+30"]

1. e4 e5 2. Nf3 Nf6 3. Nxe5 d6 4. Nf3 Nxe4 5. d4 d5 6. Bd3 Nc6 7. O-O Be7 8. c4 Nf6 9. Nc3 O-O 10. Bg5 Bg4 11. Bxf6 Bxf6 12. Nxd5 Nxd4 13. Nxf6+ Qxf6 14. Bxh7+ Kxh7 15. Qxd4 Qxd4 16. Nxd4 Rad8 17. Nb3 b6 18. f3 Be6 19. Rac1 a5 20. Rf2 Rd3 21. Nd2 Rfd8 22. Ne4 f6 23. b3 a4 24. Nc3 axb3 25. axb3 c6 26. Re2 Bg8 27. Kf2 b5 28. cxb5 cxb5 29. Nxb5 Rxb3 30. Nc3 Rc8 31. Rec2 Ra3 32. Ne2 Rxc2 33. Rxc2 Ra2 34. Rc7 Kh6 35. Ke3 Bh7 36. h4 Bg8 37. Rc8 Kh7 38. h5 Ra3+ 39. Ke4 Ra5 40. Nf4 Re5+ 41. Kd4 Bf7 42. g4 Re7 43. Rd8 Kh6 44. Nh3 Be8 45. Ra8 Kh7 46. Ra6 Bb5 47. Ra3 Kh6 48. Nf4 Re1 49. Ng2 Rd1+ 50. Ke3 f5 51. Ra5 Rb1 52. gxf5 Kg5 53. Ra7 Kf6 54. Kf4 Rb4+ 55. Kg3 Rb3 56. Nf4 Bd3 57. Nxd3 Rxd3 58. Kg4 Rd1 59. Ra6+ Kf7 60. h6 gxh6 61. Rxh6 Rg1+ 62. Kf4 Ra1 63. Re6 Ra4+ 64. Re4 Ra1 65. Rb4 Kf6 66. Rb6+ Kf7 67. Rh6 Rg1 68. Rh4 Kf6 69. Rg4 Ra1 70. Rg6+ Kf7 71. Rb6 Re1 72. Rb2 Kf6 73. Rg2 Ra1 74. Kg4 Ra4+ 75. f4 Ra8 1/2-1/2

[Event "Turkish Super League 2019"]
[Site "Konya"]
[Date "2019.07.17"]
[Round "1"]
[White "Atalik, Ekaterina"]
[Black "Maltsevskaya, Aleksandra"]
[Result "0-1"]
[ECO "E67"]
[WhiteElo "2459"]
[BlackElo "2294"]
[Annotator "ChessBase"]
[PlyCount "70"]
[EventDate "2019.07.17"]
[EventType "team-tourn"]
[EventCountry "TUR"]
[SourceTitle "playchess.com"]
[Source "ChessBase"]
[SourceQuality "1"]
[TimeControl "40/5400+30:1800+30"]

1. Nf3 Nf6 2. c4 g6 3. b3 Bg7 4. Bb2 O-O 5. g3 d6 6. d4 Nbd7 7. Bg2 e5 8. O-O exd4 9. Nxd4 Nc5 10. Nc3 a5 11. Qc2 c6 12. Rad1 Qb6 13. Ba3 Re8 14. h3 Nh5 15. e3 a4 16. b4 Ne6 17. Nxe6 Bxe6 18. Ne4 Bf5 19. g4 Bxe4 20. Bxe4 Ng3 21. c5 dxc5 22. fxg3 cxb4 23. Bc1 b3 24. axb3 a3 25. Rd7 a2 26. Rfxf7 a1=Q 27. Rxg7+ Qxg7 28. Rxg7+ Kxg7 29. Bb2+ Kf7 30. Qf2+ Ke7 31. Qf4 Qxb3 32. Qc7+ Ke6 33. Bd4 Qd1+ 34. Kh2 Ra2+ 35. Bg2 Qf3 0-1

[Event "Turkish Super League 2019"]
[Site "Konya"]
[Date "2019.07.17"]
[Round "1"]
[White "Soysal, Serkan"]
[Black "Sevgi, Volkan"]
[Result "1-0"]
[ECO "E61"]
[WhiteElo "2431"]
[BlackElo "2302"]
[Annotator "NA"]
[PlyCount "195"]
[EventDate "2019.07.17"]
[EventType "team-tourn"]
[EventCountry "TUR"]
[SourceTitle "playchess.com"]
[Source "ChessBase"]
[SourceQuality "1"]
[TimeControl "40/5400+30:1800+30"]

1. d4 Nf6 2. c4 b6 3. Nf3 Bb7 4. Nc3 g6 5. Bg5 Bg7 6. e3 d6 7. Be2 Nbd7 8. O-O O-O 9. Qc2 h6 10. Bh4 a6 11. Rad1 Qe8 12. Rfe1 Rc8 13. Nd2 c5 14. d5 b5 15. cxb5 axb5 16. e4 b4 17. Na4 Ra8 18. b3 Qd8 19. Nc4 Ba6 20. f4 Bxc4 21. Bxc4 Nh7 22. e5 dxe5 23. d6 g5 24. dxe7 Qxe7 25. fxg5 hxg5 26. Bf2 Rfd8 27. Qf5 Qf6 28. Qe4 Nhf8 29. Be3 Qe7 30. Rf1 Ne6 31. Rxd7 Qxd7 32. Nxc5 Qe7 33. Nxe6 fxe6 34. Qg6 Rd5 35. Bxg5 Qd7 36. Bh6 Rf8 37. Rxf8+ Kxf8 38. Bxd5 exd5 39. Qf6+ Kg8 40. Bxg7 Qxg7 41. Qd8+ Kh7 42. Qxd5 Qa7+ 43. Kf1 Qxa2 44. Qe4+ Kg8 45. Qc4+ Kh7 46. Qxb4 Qb1+ 47. Ke2 Qc2+ 48. Ke3 Qc1+ 49. Qd2 Qg1+ 50. Ke4 Qxh2 51. Qd7+ Kg8 52. Qg4+ Kf8 53. Kd5 Qh6 54. Qf3+ Ke7 55. Kxe5 Qd6+ 56. Kf5 Qe6+ 57. Kf4 Qf7+ 58. Kg3 Qg6+ 59. Kf2 Qb1 60. g4 Kd8 61. Qf8+ Kc7 62. Qe7+ Kb6 63. Qe3+ Ka6 64. Kg3 Qg6 65. Qd4 Qg5 66. Qf4 Qg7 67. Qc4+ Kb7 68. Qd5+ Ka6 69. g5 Qc3+ 70. Kg4 Qe1 71. Qc4+ Ka7 72. Kf5 Qf2+ 73. Kg6 Qe3 74. b4 Qd2 75. Qc5+ Ka6 76. Qc6+ Ka7 77. Qc5+ Ka6 78. Qe7 Qd3+ 79. Kg7 Qg3 80. g6 Qg4 81. Kf7 Qh5 82. Qe4 Ka7 83. Kg8 Qg5 84. g7 Qf6 85. Qe8 Kb6 86. Qb8+ Ka6 87. Qc8+ Kb6 88. Qc5+ Ka6 89. Qa5+ Kb7 90. Qd5+ Ka6 91. Qc4+ Kb6 92. Qc5+ Ka6 93. Kh7 Qh4+ 94. Kg6 Qg4+ 95. Qg5 Qe4+ 96. Qf5 Qg2+ 97. Kf6 Qb2+ 98. Kf7 1-0

[Event "Turkish Super League 2019"]
[Site "Konya"]
[Date "2019.07.17"]
[Round "1"]
[White "Szczepkowska, Karina"]
[Black "Buksa, Nataliya"]
[Result "1/2-1/2"]
[ECO "D35"]
[WhiteElo "2425"]
[BlackElo "2379"]
[Annotator "NA"]
[PlyCount "58"]
[EventDate "2019.07.17"]
[EventType "team-tourn"]
[EventCountry "TUR"]
[SourceTitle "playchess.com"]
[Source "ChessBase"]
[SourceQuality "1"]
[TimeControl "40/5400+30:1800+30"]

1. d4 Nf6 2. c4 e6 3. Nf3 d5 4. Nc3 Nbd7 5. cxd5 exd5 6. Bf4 Nb6 7. e3 Bf5 8. Bd3 Bxd3 9. Qxd3 Bd6 10. Bxd6 Qxd6 11. O-O O-O 12. Ne5 c6 13. Qf5 Nbd7 14. Nd3 a5 15. Rac1 Rfe8 16. Rc2 g6 17. Qf4 Qxf4 18. Nxf4 Nb6 19. Nd3 Nfd7 20. b3 Re7 21. Rb1 Kf8 22. g3 Nc8 23. Na4 Nd6 24. Nac5 Nb6 25. Nb2 Nb5 26. Rbc1 Na3 27. Re2 Nb5 28. Rec2 Na3 29. Re2 Nb5 1/2-1/2

[Event "Turkish Super League 2019"]
[Site "Konya"]
[Date "2019.07.17"]
[Round "1"]
[White "Tsolakidou, Stavroula"]
[Black "Injac, Teodora"]
[Result "1/2-1/2"]
[ECO "B51"]
[WhiteElo "2423"]
[BlackElo "2305"]
[Annotator "NA"]
[PlyCount "170"]
[EventDate "2019.07.17"]
[EventType "team-tourn"]
[EventCountry "TUR"]
[SourceTitle "playchess.com"]
[Source "ChessBase"]
[SourceQuality "1"]
[TimeControl "40/5400+30:1800+30"]

1. e4 c5 2. Nf3 d6 3. Bb5+ Nd7 4. c3 Ngf6 5. Bd3 Ne5 6. Nxe5 dxe5 7. Be2 e6 8. d3 Be7 9. O-O O-O 10. Qc2 b6 11. a4 Ba6 12. Na3 Nd7 13. Bd2 Nb8 14. Rfd1 Nc6 15. Bf1 Bg5 16. Be1 Qe7 17. Qb1 Rfd8 18. b4 cxb4 19. cxb4 Nd4 20. b5 Bc8 21. Nc4 Qc7 22. Qb2 Bd7 23. Bc3 Be8 24. Ra2 a5 25. bxa6 Rxa6 26. Rda1 Be7 27. Be2 Bc5 28. Bd1 Rda8 29. Kh1 Rd8 30. h3 Bc6 31. Rc1 f6 32. Ne3 Qd7 33. Rca1 Rda8 34. a5 b5 35. Bb4 Qd6 36. Bxc5 Qxc5 37. Rc1 Qd6 38. Nc2 Rxa5 39. Rxa5 Rxa5 40. Nxd4 exd4 41. Bb3 Bd7 42. Qe2 Ra3 43. Rb1 Qc5 44. Qg4 Kf7 45. Qf4 Ke7 46. Qg4 g6 47. Qh4 Qh5 48. Qxh5 gxh5 49. Kg1 h4 50. Kf1 Kd6 51. Ke2 Ra8 52. g3 hxg3 53. fxg3 Rg8 54. g4 Rc8 55. h4 h6 56. Kd2 Rc3 57. Bc2 Ke5 58. Rg1 Kf4 59. Rf1+ Ke5 60. Rg1 Rc8 61. Ra1 Rg8 62. Bd1 Kd6 63. Ra7 Rc8 64. Ra6+ Rc6 65. Ra8 Rc8 66. Ra6+ Bc6 67. Ra7 Rc7 68. Ra1 Rg7 69. Be2 b4 70. Rb1 Rb7 71. Bd1 Bd7 72. Bb3 Bb5 73. Rf1 Ke5 74. Rc1 Kd6 75. Rf1 Ke7 76. Rc1 Bd7 77. Rc5 Rb5 78. Rc7 Ra5 79. Rb7 h5 80. gxh5 Kd6 81. Bd1 Ra2+ 82. Kc1 Ra1+ 83. Kd2 Ra2+ 84. Kc1 Ra1+ 85. Kd2 Ra2+ 1/2-1/2

[Event "Turkish Super League 2019"]
[Site "Konya"]
[Date "2019.07.17"]
[Round "1"]
[White "Gadimbayli, Abdulla"]
[Black "Dimitrov, Radoslav"]
[Result "1-0"]
[ECO "B30"]
[WhiteElo "2414"]
[BlackElo "2530"]
[Annotator "ChessBase"]
[PlyCount "81"]
[EventDate "2019.07.17"]
[EventType "team-tourn"]
[EventCountry "TUR"]
[SourceTitle "playchess.com"]
[Source "ChessBase"]
[SourceQuality "1"]
[TimeControl "40/5400+30:1800+30"]

1. e4 c5 2. Nf3 Nc6 3. Bb5 e6 4. Bxc6 bxc6 5. d3 Ne7 6. Qe2 Ng6 7. O-O e5 8. c3 d6 9. d4 Qb6 10. Rd1 Bg4 11. dxe5 Nxe5 12. Nbd2 Be7 13. h3 Nxf3+ 14. Nxf3 Bxf3 15. Qxf3 O-O 16. b3 Rfd8 17. Bf4 Rd7 18. Rd2 Re8 19. Rad1 Qd8 20. c4 f6 21. Qg3 Qa5 22. Qg4 Rdd8 23. f3 Bf8 24. Bxd6 Bxd6 25. Rxd6 Rxd6 26. Rxd6 Qxa2 27. Rd7 Qa1+ 28. Kh2 g5 29. Qf5 Qe5+ 30. Qxe5 Rxe5 31. Rxa7 f5 32. exf5 Rxf5 33. Rc7 Rf6 34. Kg3 h6 35. h4 gxh4+ 36. Kxh4 Rg6 37. g4 Rf6 38. Kg3 Rd6 39. f4 Rd3+ 40. Kh4 Rxb3 41. Rxc6 1-0

[Event "Turkish Super League 2019"]
[Site "Konya"]
[Date "2019.07.17"]
[Round "1"]
[White "Kerigan, Demre"]
[Black "Ertan, Can"]
[Result "0-1"]
[ECO "C68"]
[WhiteElo "2398"]
[BlackElo "2396"]
[Annotator "NA"]
[PlyCount "108"]
[EventDate "2019.07.17"]
[EventType "team-tourn"]
[EventCountry "TUR"]
[SourceTitle "playchess.com"]
[Source "ChessBase"]
[SourceQuality "1"]
[TimeControl "40/5400+30:1800+30"]

1. e4 e5 2. Nf3 Nc6 3. Bb5 a6 4. Bxc6 dxc6 5. Nc3 Qd6 6. d4 exd4 7. Nxd4 c5 8. Nde2 Qxd1+ 9. Nxd1 Nf6 10. f3 Bd7 11. Bg5 Be7 12. Ne3 h6 13. Bf4 O-O-O 14. O-O-O Rhe8 15. g4 Bc6 16. Rxd8+ Bxd8 17. Nf5 g6 18. Nfg3 h5 19. gxh5 Nxh5 20. Nxh5 gxh5 21. Ng3 h4 22. Nf5 Rg8 23. Be3 Rg2 24. Bxc5 Bg5+ 25. Kb1 Bd7 26. Ne7+ Kd8 27. Nd5 c6 28. Nb6 Be6 29. Rd1+ Kc7 30. Na4 Bd2 31. Bb6+ Kb8 32. Nc5 Bc8 33. a3 h3 34. Nb3 Bf4 35. Rd8 Rxh2 36. Nc5 Rd2 37. Rh8 h2 38. Ka2 Rd1 39. Nd3 Bg3 40. Bf2 Be5 41. Nxe5 h1=Q 42. Bg3 Ra1+ 43. Kb3 Qxh8 44. Nxf7+ Ka7 45. Nxh8 Rf1 46. Be5 Be6+ 47. Kc3 Rxf3+ 48. Kd2 Rf2+ 49. Kd3 Rg2 50. a4 a5 51. Bc3 Rg8 52. Ke3 Kb8 53. Be5+ Kc8 54. b3 Kd7 0-1

[Event "Turkish Super League 2019"]
[Site "Konya"]
[Date "2019.07.17"]
[Round "1"]
[White "Yurtseven, Melih"]
[Black "Heberla, Bartlomiej"]
[Result "0-1"]
[ECO "E93"]
[WhiteElo "2381"]
[BlackElo "2534"]
[Annotator "ChessBase"]
[PlyCount "108"]
[EventDate "2019.07.17"]
[EventType "team-tourn"]
[EventCountry "TUR"]
[SourceTitle "playchess.com"]
[Source "ChessBase"]
[SourceQuality "1"]
[TimeControl "40/5400+30:1800+30"]

1. Nf3 g6 2. c4 Bg7 3. Nc3 Nf6 4. e4 O-O 5. d4 d6 6. Be2 Nbd7 7. Bg5 h6 8. Bh4 e5 9. d5 a5 10. Nd2 Nc5 11. g4 c6 12. f3 Bd7 13. Nb3 Na6 14. O-O a4 15. Nd2 Qa5 16. a3 cxd5 17. cxd5 b5 18. Bd3 Rfc8 19. Na2 Nh7 20. Be1 Bf6 21. Kh1 Qd8 22. Nb1 Nc5 23. Nbc3 Rab8 24. Qe2 Nb3 25. Rd1 Nd4 26. Qf2 Bg5 27. Nb4 Bf4 28. Ne2 Nxe2 29. Qxe2 Kg7 30. Bd2 Bxd2 31. Qxd2 Qf6 32. Qe3 Rb7 33. Qf2 h5 34. gxh5 Ng5 35. h6+ Kxh6 36. Qh4+ Kg7 37. f4 Nxe4 38. Qe1 Nc5 39. fxe5 Qxe5 40. Qf2 Bg4 41. Rd2 Rh8 42. Qf4 Nxd3 43. Rxd3 Be2 44. Re3 Qxf4 45. Rxf4 Bc4 46. Kg1 Rh5 47. Rd4 Rf5 48. Re8 Rc7 49. Rd8 Re7 50. h4 Re1+ 51. Kg2 Re2+ 52. Kg3 Ref2 53. Rd7 Bf1 54. Rd1 Rg2+ 0-1

[Event "Turkish Super League 2019"]
[Site "Konya"]
[Date "2019.07.17"]
[Round "1"]
[White "Arat, Ufuk Sezen"]
[Black "Esen, Baris"]
[Result "1-0"]
[ECO "E60"]
[WhiteElo "2376"]
[BlackElo "2478"]
[Annotator "ChessBase"]
[PlyCount "135"]
[EventDate "2019.07.17"]
[EventType "team-tourn"]
[EventCountry "TUR"]
[SourceTitle "playchess.com"]
[Source "ChessBase"]
[SourceQuality "1"]
[TimeControl "40/5400+30:1800+30"]

1. d4 Nf6 2. c4 g6 3. Nf3 Bg7 4. b3 O-O 5. Bb2 c5 6. d5 e6 7. dxe6 fxe6 8. e3 d5 9. Bd3 b6 10. O-O Bb7 11. Nbd2 Nc6 12. Qe2 Qe7 13. a3 Rad8 14. Ne5 Nxe5 15. Bxe5 Nd7 16. Bxg7 Qxg7 17. Bc2 Ba6 18. Rab1 e5 19. b4 d4 20. Be4 Nf6 21. Bc6 Qc7 22. b5 Bb7 23. Bxb7 Qxb7 24. e4 Ra8 25. Rb3 a6 26. bxa6 Rxa6 27. Rfb1 Rfa8 28. Qf3 Qc6 29. Qg3 Qe6 30. Qd3 Nd7 31. g3 Rf8 32. Rf1 Qd6 33. Qe2 Ra4 34. Rfb1 Qe6 35. Rf3 Rxf3 36. Qxf3 Qc6 37. Rb3 Ra8 38. h4 Nf6 39. Qd3 Ra6 40. Kg2 Ra7 41. Qb1 Ra6 42. Qd3 Kg7 43. Qb1 Kf7 44. Kg1 Ke7 45. Rf3 Ra4 46. Rb3 Nd7 47. Qd3 Qe6 48. Kg2 Kd8 49. Rb5 Qc6 50. Rb3 Kc7 51. Qb1 Ra8 52. Rf3 Nf6 53. h5 gxh5 54. Qh1 Rg8 55. Qh4 Rg6 56. Rf5 Qe6 57. Nf3 Nd7 58. Qxh5 Rg7 59. Nxe5 Nxe5 60. Rxe5 Qxc4 61. Rd5 Kb7 62. Qe8 Ka6 63. Qc8+ Ka5 64. Rd6 Ra7 65. e5 d3 66. Qc6 Ra6 67. e6 d2 68. e7 1-0

[Event "Turkish Super League 2019"]
[Site "Konya"]
[Date "2019.07.17"]
[Round "1"]
[White "Tanriverdi, Enes"]
[Black "Ozen, Bahadir"]
[Result "1/2-1/2"]
[ECO "D58"]
[WhiteElo "2374"]
[BlackElo "2366"]
[Annotator "NA"]
[PlyCount "119"]
[EventDate "2019.07.17"]
[EventType "team-tourn"]
[EventCountry "TUR"]
[SourceTitle "playchess.com"]
[Source "ChessBase"]
[SourceQuality "1"]
[TimeControl "40/5400+30:1800+30"]

1. d4 d5 2. c4 e6 3. Nc3 Be7 4. Nf3 Nf6 5. Bg5 h6 6. Bh4 O-O 7. e3 b6 8. Be2 Bb7 9. Bxf6 Bxf6 10. cxd5 exd5 11. O-O Nd7 12. Qb3 c6 13. Rad1 Re8 14. Rfe1 Nf8 15. e4 Ne6 16. Bf1 dxe4 17. Nxe4 Qe7 18. Bc4 Rad8 19. Ng3 Bc8 20. Nh5 b5 21. Bd3 Bxd4 22. Nxd4 Rxd4 23. Bh7+ Kxh7 24. Rxd4 Nxd4 25. Rxe7 Rxe7 26. Qb4 c5 27. Qa5 Re2 28. h3 Bf5 29. Qxa7 Bg6 30. Qxc5 Rxb2 31. Nxg7 Nf3+ 32. gxf3 Rb1+ 33. Kg2 Kxg7 34. f4 f6 35. f5 Bf7 36. a3 Rb3 37. f3 Rd3 38. Qe7 h5 39. Kg3 Rd5 40. Kf4 Rd4+ 41. Kg3 Rd5 42. Qe4 Re5 43. Qb1 Re3 44. Qb2 Re5 45. Kf4 Kh7 46. Qb4 Kg7 47. Qb1 Kh7 48. Qg1 Kh8 49. Qb6 Kg7 50. Qc6 Be8 51. Qb7+ Bf7 52. Qa6 Bg8 53. Qc8 Bf7 54. Kg3 Re3 55. Qc5 Re5 56. Qc2 Re3 57. Qb2 Re5 58. Kf4 Kh7 59. Qb4 Kg7 60. Qb2 1/2-1/2

[Event "Turkish Super League 2019"]
[Site "Konya"]
[Date "2019.07.17"]
[Round "1"]
[White "Selbes, Tarik"]
[Black "Yaran, Siar"]
[Result "0-1"]
[ECO "E05"]
[WhiteElo "2342"]
[BlackElo "2197"]
[Annotator "NA"]
[PlyCount "132"]
[EventDate "2019.07.17"]
[EventType "team-tourn"]
[EventCountry "TUR"]
[SourceTitle "playchess.com"]
[Source "ChessBase"]
[SourceQuality "1"]
[TimeControl "40/5400+30:1800+30"]

1. d4 Nf6 2. Nf3 e6 3. c4 d5 4. g3 Be7 5. Bg2 O-O 6. O-O dxc4 7. Qc2 a6 8. a4 Bd7 9. Qxc4 Bc6 10. Bg5 Bd5 11. Qd3 Be4 12. Qe3 Nbd7 13. Nc3 Bg6 14. Nh4 c6 15. Nxg6 hxg6 16. Qd3 Nd5 17. Bxe7 Qxe7 18. a5 Rfd8 19. e4 Nb4 20. Qc4 b5 21. Qb3 e5 22. Rad1 exd4 23. Rxd4 c5 24. Rxb4 cxb4 25. Nd5 Qc5 26. Qxb4 Qxb4 27. Nxb4 Ne5 28. f4 Nc4 29. e5 Rac8 30. Nd5 Kf8 31. b4 Nb2 32. h4 Rc2 33. Bf3 Rdc8 34. h5 gxh5 35. f5 Rc1 36. Bxh5 Rxf1+ 37. Kxf1 Nc4 38. e6 Nd6 39. Kg2 Rc4 40. Kh3 Rd4 41. Nc7 Nxf5 42. exf7 Rd6 43. Kg4 Nh6+ 44. Kf4 Nxf7 45. Ke4 Rc6 46. Nd5 g6 47. Be2 Re6+ 48. Kd3 Ne5+ 49. Kd4 Nc6+ 50. Kc5 Nxa5 51. Nf4 Nb7+ 52. Kd5 Rb6 53. Bd3 Rd6+ 54. Ke5 g5 55. Ne6+ Ke7 56. Bf5 Nd8 57. Nxg5 Nc6+ 58. Kf4 Nxb4 59. Ne4 Rc6 60. g4 a5 61. g5 a4 62. g6 a3 63. g7 Kf7 64. Be6+ Rxe6 65. Ng5+ Kg8 66. Nxe6 a2 0-1

[Event "Turkish Super League 2019"]
[Site "Konya"]
[Date "2019.07.17"]
[Round "1"]
[White "Ozturk, Kubra"]
[Black "Osmak, Iulija"]
[Result "0-1"]
[ECO "E46"]
[WhiteElo "2317"]
[BlackElo "2395"]
[Annotator "NA"]
[PlyCount "110"]
[EventDate "2019.07.17"]
[EventType "team-tourn"]
[EventCountry "TUR"]
[SourceTitle "playchess.com"]
[Source "ChessBase"]
[SourceQuality "1"]
[TimeControl "40/5400+30:1800+30"]

1. d4 Nf6 2. c4 e6 3. Nc3 Bb4 4. e3 O-O 5. Nge2 Re8 6. a3 Bf8 7. Ng3 d5 8. Bd3 dxc4 9. Bxc4 c5 10. dxc5 Qxd1+ 11. Kxd1 Bxc5 12. b4 Be7 13. Ke2 a6 14. Bd2 b5 15. Bd3 Bb7 16. Nce4 Nfd7 17. Bc3 Nc6 18. f4 Nb6 19. Rac1 Rac8 20. Nc5 Bxc5 21. bxc5 Na4 22. Ne4 Nxc3+ 23. Rxc3 Rc7 24. Nd6 Rd8 25. Be4 Ba8 26. Rd1 Rb8 27. g4 Kf8 28. h4 h6 29. g5 Ke7 30. gxh6 gxh6 31. Rg1 Na5 32. Bxa8 Rxa8 33. e4 Nc4 34. Nxc4 Rxc5 35. Nb6 Rxc3 36. Nxa8 Rc8 37. Nb6 Rb8 38. Nd5+ exd5 39. exd5 Rd8 40. Rd1 Kd6 41. Kf3 Rc8 42. Ke4 Rc3 43. Kf5 Rxa3 44. Kf6 Rf3 45. f5 a5 46. Rb1 b4 47. Ra1 Ra3 48. Rd1 b3 49. Kxf7 b2 50. Rb1 Rb3 51. f6 a4 52. Kg7 a3 53. f7 Rg3+ 54. Kh8 Ke7 55. Rf1 Kf8 0-1

[Event "Turkish Super League 2019"]
[Site "Konya"]
[Date "2019.07.17"]
[Round "1"]
[White "Tasdogen, Dincer"]
[Black "Uysal, Burak"]
[Result "1-0"]
[ECO "C45"]
[WhiteElo "2310"]
[BlackElo "2228"]
[Annotator "NA"]
[PlyCount "117"]
[EventDate "2019.07.17"]
[EventType "team-tourn"]
[EventCountry "TUR"]
[SourceTitle "playchess.com"]
[Source "ChessBase"]
[SourceQuality "1"]
[TimeControl "40/5400+30:1800+30"]

1. e4 e5 2. Nf3 Nc6 3. d4 exd4 4. Nxd4 Bc5 5. Nxc6 Qf6 6. Qf3 dxc6 7. Nc3 Be6 8. a3 O-O-O 9. Qg3 Qg6 10. Bd3 f6 11. Bf4 Qxg3 12. hxg3 Ne7 13. Ke2 Ng6 14. Be3 Bxe3 15. Kxe3 Ne7 16. f3 c5 17. b4 cxb4 18. axb4 Kb8 19. Ra3 c6 20. g4 Rd7 21. Na4 b6 22. Nc3 Nc8 23. Ne2 Rc7 24. Rc3 c5 25. Nf4 Bf7 26. bxc5 Rxc5 27. Rxc5 bxc5 28. Nh5 c4 29. Be2 Rg8 30. Ng3 h6 31. Nf5 Nb6 32. Ra1 Be6 33. f4 Bxf5 34. gxf5 Re8 35. Ra5 Rd8 36. Bh5 c3 37. Rc5 Rd2 38. Rxc3 Rxg2 39. Bf3 Rg1 40. e5 Re1+ 41. Kd2 Rb1 42. e6 Nc8 43. Rd3 a5 44. Rd8 Kc7 45. Rd7+ Kb8 46. e7 Nxe7 47. Rxe7 a4 48. Rxg7 a3 49. Rg8+ Kc7 50. Ra8 Rb4 51. Ke3 Rb2 52. Rxa3 Rxc2 53. Ra6 h5 54. Rxf6 h4 55. Rh6 Rh2 56. Ke4 Rh3 57. Rh7+ Kd6 58. f6 Ke6 59. Bg4+ 1-0

[Event "Turkish Super League 2019"]
[Site "Konya"]
[Date "2019.07.17"]
[Round "1"]
[White "Caglar, Sila"]
[Black "Savina, Anastasia"]
[Result "0-1"]
[ECO "B08"]
[WhiteElo "2306"]
[BlackElo "2344"]
[Annotator "NA"]
[PlyCount "84"]
[EventDate "2019.07.17"]
[EventType "team-tourn"]
[EventCountry "TUR"]
[SourceTitle "playchess.com"]
[Source "ChessBase"]
[SourceQuality "1"]
[TimeControl "40/5400+30:1800+30"]

1. e4 Nc6 2. Nf3 d6 3. d4 Nf6 4. Nc3 g6 5. h3 Bg7 6. Be2 O-O 7. O-O e5 8. Bg5 h6 9. Be3 exd4 10. Nxd4 Re8 11. Bd3 Bd7 12. Qd2 Nxd4 13. Bxd4 Kh7 14. a4 c5 15. Be3 Bc6 16. f3 Nh5 17. Rfe1 Qh4 18. Bf2 Bd4 19. Bb5 Nf4 20. Bxd4 cxd4 21. Ne2 Nxe2+ 22. Rxe2 Bxb5 23. axb5 Qh5 24. Qxd4 Qxb5 25. Rd2 Kg8 26. Rad1 Rac8 27. Qxd6 Qxb2 28. Qf4 Rxc2 29. Rxc2 Qxc2 30. Rd7 Qb3 31. Qc7 a6 32. h4 h5 33. Rd5 b5 34. Qd7 Rf8 35. e5 Qe3+ 36. Kf1 b4 37. Qb7 b3 38. Rd6 Qc1+ 39. Kf2 Qc5+ 40. Kf1 Qxe5 41. Qxa6 b2 42. Rd1 Qh2 0-1